 Dungeon Crawl Stone Soup version 0.23.0 (webtiles) character file.

Game seed: 4472662554039756752

43 misha the Magician (level 3, 0/26 HPs)
             Began as a Draconian Wizard on Feb 16, 2019.
             Killed by nerve-wracking pain
             ... invoked by Jessica
              (6 damage)
             ... on level 2 of the Dungeon.
             The game lasted 00:08:12 (2139 turns).

misha the Magician (Draconian Wizard)               Turns: 2139, Time: 00:08:12

Health: 0/26       AC:  5    Str: 10    XL:     3   Next: 37%
Magic:  7/7        EV: 12    Int: 18    God:
Gold:   45         SH:  0    Dex:  9    Spells: 7/8 levels left

rFire    . . .     SeeInvis .     - Unarmed
rCold    . . .     Gourm    .   (no shield)
rNeg     + . .     Faith    .   (armour unavailable)
rPois    .         Spirit   .   a - +0 hat
rElec    .         Reflect  .   (no cloak)
rCorr    .         Harm     .   (no gloves)
MR       .....                  (no boots)
Stlth    ++........             (no amulet)
HPRegen  0.08/turn              f - ring of positive energy
MPRegen  0.10/turn              (no ring)

@: no status effects
A: unfitting armour, cold-blooded, AC +5
a: no special abilities


You were on level 2 of the Dungeon.
You were not hungry.

You visited 1 branch of the dungeon, and saw 2 of its levels.

You collected 45 gold pieces.

Inventory:

Armour
 a - a +0 hat (worn)
Jewellery
 e - an uncursed amulet of the acrobat {unknown}
 f - a ring of positive energy (left hand)
Scrolls
 c - 3 scrolls of identify {unknown}
 d - a scroll of blinking {unknown}
 g - a scroll of remove curse {unknown}
Potions
 b - a potion of heal wounds {unknown}


   Skills:
 + Level 0.1 Fighting
 + Level 2.3 Dodging
 + Level 2.0 Stealth
 + Level 1.4 Unarmed Combat
 + Level 3.3 Spellcasting
 + Level 1.0 Conjurations
   Level 1.0 Summonings
   Level 1.0 Translocations


You had 7 spell levels left.
You knew the following spells:

 Your Spells              Type           Power        Failure   Level  Hunger
a - Magic Dart            Conj           #...         11%         1    None

Your spell library contained the following spells:

 Spells                   Type           Power        Failure   Level  Hunger
 Blink                    Tloc           N/A          16%         2    ##.....
 Call Imp                 Summ           #.......     16%         2    ##.....
 Slow                     Hex            #.......     24%         2    ##.....
 Conjure Flame            Conj/Fire      #.......     36%         3    ###....
 Mephitic Cloud           Conj/Pois/Air  #.......     38%         3    ###....


Dungeon Overview and Level Annotations

Branches:
Dungeon (2/15)

Altars:
Sif Muna
The Shining One

Annotations:
D:2 Jessica


Innate Abilities, Weirdness & Mutations

Your plain brown scales are hard. (AC +5)
You cannot fit into any form of body armour.
You are cold-blooded and may be slowed by cold attacks.


Message History

Jessica is severely wounded.
Jessica shouts, "You're disturbing me!
I'll have to kill you!" Jessica barely misses you.
You are too injured to fight recklessly!
You barely miss Jessica.
Jessica is severely wounded.
Jessica barely misses you.
You are too injured to fight recklessly!
You are too injured to fight recklessly!
You closely miss Jessica.
Jessica is severely wounded.
Jessica points at you and mumbles some strange words.
Pain shoots through your body!
* * * LOW HITPOINT WARNING * * *
Jessica casts a spell.
Jessica blinks!
Jessica is too close now for your liking.
Jessica points at you and mumbles some strange words.
Pain shoots through your body!
You die...

#.# ## #.# .# .# .# #.#
.##. .# #.#.# ... .#
#.#.##### ..#### .#
#.#.#... .....
.####.#.#.# ####$..
###.......####....# #
#..........#..@.# #
#..†....##.#....# #
#.......##.#....#... #
#.......##.@......%..
###........#.(....#.#..
.##........#......#...
.##........#......# ##.
.##...........###....
.####.#.#.....# ....


You could see Jessica.

Vanquished Creatures
  An adder (D:2)
  3 dart slugs
  3 bats (D:1)
  2 giant cockroaches
  A hobgoblin (D:2)
  2 jackals (D:1)
  2 kobolds (D:1)
  A frilled lizard (D:1)
  6 goblins
  7 rats
28 creatures vanquished.

Notes
Turn   | Place    | Note
-------+----------+-------------------------------------------
     0 | D:1      | misha the Draconian Wizard began the quest for the Orb.
     0 | D:1      | Reached XP level 1. HP: 14/14 MP: 4/4
   520 | D:1      | Reached XP level 2. HP: 18/20 MP: 6/6
  1445 | D:1      | Found a glowing golden altar of the Shining One.
  1447 | D:1      | Reached skill level 1 in Unarmed Combat
  1773 | D:2      | Reached XP level 3. HP: 19/26 MP: 7/7
  2036 | D:2      | Found a deep blue altar of Sif Muna.
  2107 | D:2      | Noticed Jessica
  2139 | D:2      | Killed from afar by Jessica

Skill      XL: |  1  2  3 |
---------------+----------+-----
Dodging        | 2 |  2.3
Unarmed Combat | 1 |  1.4
Stealth        | 2 |  2.0
Fighting       | |  0.1
Spellcasting   | |  3.3
Conjurations   | |  1.0
Summonings     | |  1.0
Translocations | |  1.0

Action                   || total
-------------------------++-------
Melee: Unarmed           ||   204
       Tailslap          ||    16
 Stab: Sleeping          ||     5
  Eat: Ration            ||     1
       Chunk             ||     1
Armor: Skin              ||    93
Dodge: Dodged            ||   155
